 Dungeon Crawl Stone Soup version 0.32-a0-473-gd044c6f0f0 (webtiles) character file.

Game seed: 3342665431591073458

535 CougarLife the Digger (level 7, 0/36 HPs)
             Began as a Gargoyle Earth Elementalist on Feb 25, 2024.
             Was a Believer of Vehumet.
             Slain by a scorpion (6 damage)
             ... in an ossuary.
             The game lasted 00:04:43 (3030 turns).

CougarLife the Digger (Gargoyle Earth Elementalist) Turns: 3030, Time: 00:04:43

Health: 0/36       AC:  7    Str: 12    XL:     7   Next: 25%
Magic:  4/13       EV: 11    Int: 17    God:    Vehumet [**....]
Gold:   88         SH:  0    Dex: 10    Spells: 10/14 levels left

rFire   . . .        l - +2 mace (holy)
rCold   . . .        (no shield)
rNeg    + . .        a - +0 robe
rPois   ∞            d - +0 helmet
rElec   +            (no cloak)
rCorr   +            (no gloves)
SInv    .            (no boots)
Will    .....        n - amulet of regeneration
Stlth   ++           i - ring of resist corrosion
HPRegen 1.06/turn    (no ring)
MPRegen 0.13/turn

%: no passive effects
@: no status effects
A: sickness immunity, AC +4, negative energy resistance 1, electricity
resistance, torment resistance 1, petrification resistance
a: Renounce Religion


You were in an ossuary.
You worshipped Vehumet.
Vehumet was pleased with you.
You visited 1 branch of the dungeon, and saw 4 of its levels.
You also visited: Ossuary.

You collected 88 gold pieces.

Inventory:

Hand Weapons
 l - a +2 mace of holy wrath (weapon)
Armour
 a - a +0 robe (worn)
 d - a +0 helmet (worn)
 o - +0 swamp dragon scales
Jewellery
 i - a ring of resist corrosion (left hand)
 m - a ring of positive energy
 n - an amulet of regeneration (around neck)
Scrolls
 c - 3 scrolls of teleportation
 h - a scroll of amnesia {unknown}
 k - 4 scrolls of identify
Potions
 b - a potion of magic
 e - a potion of heal wounds {unknown}
 g - a potion of might {unknown}
 j - 2 potions of lignification {unknown}
 p - a potion of degeneration {unknown}
 q - a potion of invisibility {unknown}


   Skills:
 - Level 1.5 Dodging
 - Level 2.1 Stealth
 + Level 4.3 Spellcasting
 + Level 4.7 Conjurations
 + Level 6.2 Earth Magic


You had 10 spell levels left.
You knew the following spells:

 Your Spells              Type           Power      Damage    Failure   Level
a - Sandblast             Erth           50%        2d12      1%          1
b - Stone Arrow           Conj/Erth      44%        3d9       4%          3

Your spell library contained the following spells:

 Spells                   Type           Power      Damage    Failure   Level
 Foxfire                  Conj/Fire      44%        2x1d6     6%          1
 Passwall                 Erth           25%        N/A       3%          3
 Shock                    Conj/Air       44%        1d5       6%          1
 Sting                    Conj/Alch      44%        1d5       6%          1
 Apportation              Tloc           6%         N/A       16%         1
 Necrotise                Necr           12%        1d4       16%         1
 Summon Small Mammal      Summ           12%        N/A       16%         1
 Brom's Barrelling Bould  Conj/Erth      22%        2d4       16%         4
 Petrify                  Alch/Erth      14%        N/A       38%         4
 Swiftness                Air            3%         N/A       41%         3
 Airstrike                Air            1%         2d(1-17)  83%         4
 Ignite Poison            Fire/Alch      3%         N/A       83%         4
 Freezing Cloud           Conj/Ice/Air   4%         6-21      91%         5
 Cigotuvi's Dreadful Rot  Necr/Alch/Air  Unusable   N/A       N/A         2

Dungeon Overview and Level Annotations

Branches:
Dungeon (4/15)            Ossuary (1/1)
 Temple: D:4-7

Altars:
Vehumet

Annotations:
D:2 1 runed translucent door, Crazy Yiuf, Natasha
D:3 3 runed translucent doors, Scrimshaw's ghost, amateur CoHs


Innate Abilities, Weirdness & Mutations

You are immune to sickness and miasma.
Your stone body is resilient. (AC +4)
You are immune to poison.
You resist negative energy. (rN+)
You are resistant to electric shocks. (rElec)
You are resistant to unholy torment.
You are immune to petrification.


Message History

The scorpion is lightly wounded.
The scorpion stings you.
Something unseen opens the door.
The scorpion closely misses you.
Casting: Sandblast (safe; 1% risk of failure)
Confirm with . or Enter, or press ? or * to list all spells.
Aiming: Sandblast (safe; 1% risk of failure)
Press: ? - help, Shift-Dir - straight line, f/p - scorpion
Aim: a scorpion (lightly wounded, 83% to hit)
The blast of sand hits the scorpion but does no damage.
The scorpion is lightly wounded.
The scorpion misses you.
Casting: Sandblast (safe; 1% risk of failure)
Confirm with . or Enter, or press ? or * to list all spells.
Aiming: Sandblast (safe; 1% risk of failure)
Press: ? - help, Shift-Dir - straight line, f/p - scorpion
Aim: a scorpion (lightly wounded, 83% to hit)
The blast of sand hits the scorpion!
The scorpion is severely wounded.
The scorpion stings you. x2
* * * LOW HITPOINT WARNING * * *
The scorpion attacks as it pursues you! The scorpion stings you.
* * * LOW HITPOINT WARNING * * *
Casting: Sandblast (safe; 1% risk of failure)
Confirm with . or Enter, or press ? or * to list all spells.
Aiming: Sandblast (safe; 1% risk of failure)
Press: ? - help, Shift-Dir - straight line, f/p - scorpion
Aim: a scorpion (severely wounded, 83% to hit)
The blast of sand hits the scorpion but does no damage.
The scorpion is severely wounded.
The scorpion closely misses you. The scorpion stings you.
* * * LOW HITPOINT WARNING * * *
As you read the scroll labelled ATIONEAGIC, it crumbles to dust.
It is a scroll of identify.
c - 3 scrolls of teleportation The scorpion misses you.
The orc zombie barely misses you.
As you read the scroll labelled ZEFRAA XIRIDAKIRUL, it crumbles to dust.
It is a scroll of brand weapon.
Okay, then.
The scorpion stings you.
You die...

########### #############
#...#...#...#Z....#.....#
#.∩.'.∩.#..ZMs@...#.....#
#...#...#...#.....ß.....#
######'###'##...........#
#...#...#.!?#...........#
#...ß...#?.?###ß.....ß###
#.......#?!M#...†.......#
##ß...ß######...........#
#.......#...#.....ß.....#
#...ß...#...'.....#.....#


You could see a mummy, a scorpion, an orc zombie and a centaur zombie.

Vanquished Creatures
  4 scorpions (Ossuary)
  2 human zombies (Ossuary)
  An orc priest (D:3)
  A sleepcap (D:4)
  Natasha (twice) (D:2)
  Robin (D:2)
  2 adders (D:3)
  2 adder zombies (Ossuary)
  A ribbon worm (D:3)
  3 dart slugs
  3 orcs (D:3)
  10 ball pythons
  7 endoplasms
  4 giant cockroaches
  A gnoll zombie (Ossuary)
  10 goblins
  7 hobgoblins
  4 jackals (D:1)
  2 kobolds (D:2)
  A quokka (D:1)
  7 bats
  2 frilled lizards
  2 jackal zombies (Ossuary)
  An orc zombie (Ossuary)
  10 rats
90 creatures vanquished.

Notes
Turn   | Place    | Note
-------+----------+-------------------------------------------
     0 | D:1      | CougarLife the Gargoyle Earth Elementalist began the quest
                  | for the Orb.
     0 | D:1      | Reached XP level 1. HP: 10/10 MP: 3/3
   101 | D:1      | Reached XP level 2. HP: 15/15 MP: 0/5
   306 | D:1      | Reached skill level 4 in Earth Magic
   675 | D:1      | Reached XP level 3. HP: 19/19 MP: 4/6
   945 | D:2      | Found a radiant altar of Vehumet.
   973 | D:2      | Became a worshipper of Vehumet
  1278 | D:2      | Noticed Natasha
  1282 | D:2      | Killed Natasha
  1283 | D:2      | Reached XP level 4. HP: 24/24 MP: 4/8
  1326 | D:2      | Noticed Natasha
  1338 | D:2      | Killed Natasha
  1483 | D:2      | Noticed Robin
  1489 | D:2      | Killed Robin
  1566 | D:2      | Found a runed translucent door.
  1567 | D:2      | Noticed Crazy Yiuf
  1735 | D:2      | Noticed Natasha
  1877 | D:3      | Reached XP level 5. HP: 28/28 MP: 7/9
  1879 | D:3      | Reached * piety under Vehumet
  1879 | D:3      | Offered knowledge of Magic Dart by Vehumet.
  1997 | D:3      | Reached skill level 5 in Earth Magic
  2284 | D:3      | Found a runed translucent gate.
  2285 | D:3      | Found a runed translucent gate.
  2286 | D:3      | Found a runed translucent gate.
  2287 | D:3      | Noticed a kobold brigand
  2290 | D:3      | Noticed Scrimshaw's ghost (amateur CoHs)
  2520 | D:3      | Found a faded altar of an unknown god.
  2813 | D:3      | Learned a level 3 spell: Stone Arrow
  2882 | D:4      | Found a sand-covered staircase.
  2887 | Ossuary  | Entered an ossuary
  2901 | Ossuary  | Reached XP level 6. HP: 32/32 MP: 9/11
  2941 | Ossuary  | Reached ** piety under Vehumet
  2946 | Ossuary  | Offered knowledge of Foxfire by Vehumet.
  2972 | Ossuary  | Reached skill level 6 in Earth Magic
  2972 | Ossuary  | Reached XP level 7. HP: 23/36 MP: 5/13
  3030 | Ossuary  | Slain by a scorpion

Illustrated notes

Levels and vault maps discovered:
D:1:      minmay_arrival_stair_chambers, layout_loops_cross
D:2:      layout_basic, basic_altar, chequers_serial_rivers_marsh, uniq_robin,
          uniq_natasha, uniq_crazy_yiuf_cottage
D:3:      layout_basic, gammafunk_ghost_nasty_kobolds,
          ebering_ecumenical_altar_webs, nrook_mini_vaults, minmay_fountain_box,
          minmay_cupped
D:4:      layout_layer_cave, enter_ossuary_5
Ossuary:  ossuary_minmay_scorpions

Skill      XL: |  1  2  3  4  5  6 |
---------------+-------------------+-----
Earth Magic    | 4 5 6 |  6.2
Conjurations   | 2 3 4 |  4.7
Spellcasting   | 3 4 |  4.3
Dodging        | |  1.5
Stealth        | |  2.1

Action                     |  1- 3 |  4- 6 |  7- 9 || total
---------------------------+-------+-------+-------++-------
  Melee: Unarmed           |     1 |       |       ||     1
         Mace              |    12 |    41 |     6 ||    59
   Cast: Sandblast         |    39 |    74 |    14 ||   127
    Use: Scroll            |       |       |     2 ||     2
   Stab: Sleeping          |       |     2 |       ||     2
 Armour: Robe              |    13 |    68 |    26 ||   107
  Dodge: Dodged            |    17 |    86 |    14 ||   117

Table legend: (Time is in decaauts)
 A = Elapsed time spent in this place.
 B = Non-inter-level travel time spent in this place.
 C = Inter-level travel time spent in this place.
 D = Time resting spent in this place.
 E = Time spent auto-exploring this place.
 F = Levels seen in this place.
 G = Mean time per level.
                   A        B        C        D        E       F      G
               +--------+--------+--------+--------+--------+-----+--------+
         Total |   3116 |   3070 |     46 |     50 |   2368 |   5 |  623.2 |
       Dungeon |   2949 |   2903 |     46 |     26 |   2368 |   4 |  737.2 |
       Ossuary |    167 |    167 |      0 |     24 |      0 |   1 |  167.0 |
               +--------+--------+--------+--------+--------+-----+--------+

Top non-repeatable levels by time:
     D:3: 1010 daAuts
     D:2: 965 daAuts
     D:1: 913 daAuts
 Ossuary: 167 daAuts
     D:4: 59 daAuts
